| TOP OF THE 1ST |
|
Tri-City Dust Devils batting - Pitching for Kennewick Bear Cubs : LHP Kevin Brown
|
|
Pitching: LHP Kevin Brown
|
|
|
Batting: RHB J.B. Moore
|
0-0: Ball 1-0: Called Strike 1-1: Ball 2-1: Foul Ball, location: 2F 2-2: Fly out, F8 (Line Drive, 8RD, EV 102.5 MPH)
|
|
Batting: RHB George Threadgill
|
0-0: Foul Ball, location: 2F 0-1: Foul Ball, location: 2F 0-2: Ball 1-2: Foul Ball, location: 2F 1-2: Foul Ball, location: 2F 1-2: SINGLE (Groundball, 6M, EV 99.4 MPH) (infield hit)
|
|
Batting: LHB LaVel Freeman
|
0-0: Called Strike 0-1: Ball 1-1: Ball 2-1: Ball 3-1: Swinging Strike 3-2: SINGLE (Groundball, 34D, EV 98.8 MPH) George Threadgill to second George Threadgill to third
|
|
Batting: RHB Desmond Brooks
|
0-0: Ball 1-0: Ball 2-0: Ball 3-0: Called Strike 3-1: Called Strike 3-2: TRIPLE (Line Drive, 89XD, EV 103.1 MPH) George Threadgill scores LaVel Freeman scores
|
|
Batting: LHB Daraka Shaheed
|
0-0: Foul Ball, location: 2F 0-1: Ball 1-1: Ground out 6-3 (Groundball, 6, EV 86.3 MPH) Desmond Brooks scores
|
|
Batting: RHB Dennis Glynn
|
0-0: Called Strike 0-1: Ball 1-1: Ball 2-1: Called Strike 2-2: Foul Ball, location: 2F 2-2: Ball 3-2: Foul Ball, location: 2F 3-2: Ground out 4-3 (Groundball, 4S, EV 84.4 MPH)
|
| Top of the 1st over - 3 runs, 3 hits, 0 errors, 0 left on base; Tri-City 3 - Kennewick 0 |
| BOTTOM OF THE 1ST |
|
Kennewick Bear Cubs batting - Pitching for Tri-City Dust Devils : LHP John Smiley
|
|
Pitching: LHP John Smiley
|
|
|
Batting: RHB Matthew Sferrazza
|
0-0: Ball 1-0: Ball 2-0: Ground out 4-3 (Groundball, 4, EV 86.9 MPH)
|
|
Batting: SHB Eriberto Them
|
0-0: Swinging Strike 0-1: Ball 1-1: Foul Ball, location: 2F 1-2: Ball 2-2: Foul Ball, location: 2F 2-2: Ball 3-2: Foul Ball, location: 2F 3-2: SINGLE (Line Drive, 8LS, EV 100.0 MPH)
|
|
Batting: RHB Jonathan Black
|
0-0: Called Strike 0-1: Foul Ball, location: 2F 0-2: Ball 1-2: Ball 2-2: SINGLE (Groundball, 4MD, EV 96.3 MPH) Eriberto Them to second
|
|
Batting: LHB Jose Birriel
|
0-0: Ball 1-0: Called Strike 1-1: Called Strike 1-2: Strikes out swinging
|
|
Batting: RHB Ruben Machado
|
0-0: Reached on error, E6 (Groundball, 6, EV 88.1 MPH) Eriberto Them to third Jonathan Black to second
|
|
Batting: LHB Steven Morris
|
0-0: SINGLE (Groundball, 5D, EV 109.4 MPH) Eriberto Them scores Jonathan Black to third Ruben Machado to second Runner from 3rd tries for Home, SAFE, throw by LF to home
|
|
Batting: RHB Roger Jensen
|
0-0: Called Strike 0-1: Fly out, F6 (Line Drive, 6, EV 75.0 MPH)
|
| Bottom of the 1st over - 2 runs, 3 hits, 1 error, 2 left on base; Tri-City 3 - Kennewick 2 |
| TOP OF THE 2ND |
|
Tri-City Dust Devils batting - Pitching for Kennewick Bear Cubs : LHP Kevin Brown
|
|
Batting: RHB Jeff DeWillis
|
0-0: Called Strike 0-1: Foul Ball, location: 2F 0-2: Ball 1-2: Ball 2-2: Foul Ball, location: 2F 2-2: Ball 3-2: Base on Balls
|
|
Batting: RHB Paul Daddario
|
0-0: Called Strike 0-1: Grounds into double play, 6-4-3 (Groundball, 6, EV 100.6 MPH)
|
|
Batting: RHB Billy Welch
|
0-0: Called Strike 0-1: Ball 1-1: Foul Ball, location: 2F 1-2: Ball 2-2: Strikes out swinging
|
| Top of the 2nd over - 0 runs, 0 hits, 0 errors, 0 left on base; Tri-City 3 - Kennewick 2 |
| BOTTOM OF THE 2ND |
|
Kennewick Bear Cubs batting - Pitching for Tri-City Dust Devils : LHP John Smiley
|
|
Batting: RHB Kenneth Whitfield
|
0-0: Called Strike 0-1: Ball 1-1: Foul Ball, location: 2F 1-2: Foul Ball, location: 2F 1-2: Strikes out swinging
|
|
Batting: LHB John Mizerock
|
0-0: Ball 1-0: Swinging Strike 1-1: Foul Ball, location: 2F 1-2: Ball 2-2: Fly out, F3 (Popup, 3SF, EV 83.1 MPH)
|
|
Batting: RHB Matthew Sferrazza
|
0-0: Called Strike 0-1: Ball 1-1: Ground out 1-3 (Groundball, 15S, EV 61.9 MPH)
|
| Bottom of the 2nd over - 0 runs, 0 hits, 0 errors, 0 left on base; Tri-City 3 - Kennewick 2 |
| TOP OF THE 3RD |
|
Tri-City Dust Devils batting - Pitching for Kennewick Bear Cubs : LHP Kevin Brown
|
|
Batting: RHB J.B. Moore
|
0-0: Foul Ball, location: 2F 0-1: Ball 1-1: Swinging Strike 1-2: Strikes out swinging
|
|
Batting: RHB George Threadgill
|
0-0: Foul Ball, location: 2F 0-1: Ball 1-1: Foul Ball, location: 2F 1-2: Strikes out swinging
|
|
Batting: LHB LaVel Freeman
|
0-0: Swinging Strike 0-1: Called Strike 0-2: Ball 1-2: Strikes out swinging
|
| Top of the 3rd over - 0 runs, 0 hits, 0 errors, 0 left on base; Tri-City 3 - Kennewick 2 |
| BOTTOM OF THE 3RD |
|
Kennewick Bear Cubs batting - Pitching for Tri-City Dust Devils : LHP John Smiley
|
|
Batting: SHB Eriberto Them
|
0-0: Called Strike 0-1: Ground out 5-3 (Groundball, 56S, EV 83.8 MPH)
|
|
Batting: RHB Jonathan Black
|
0-0: Ball 1-0: Swinging Strike 1-1: Foul Ball, location: 2F 1-2: Foul Ball, location: 2F 1-2: Ball 2-2: Ground out 6-3 (Groundball, 6S, EV 72.5 MPH)
|
|
Batting: LHB Jose Birriel
|
0-0: Called Strike 0-1: Swinging Strike 0-2: Ball 1-2: SINGLE (Popup, 3D, EV 49.4 MPH)
|
|
Batting: RHB Ruben Machado
|
0-0: Ground out 4-3 (Groundball, 4, EV 89.4 MPH)
|
| Bottom of the 3rd over - 0 runs, 1 hit, 0 errors, 1 left on base; Tri-City 3 - Kennewick 2 |
| TOP OF THE 4TH |
|
Tri-City Dust Devils batting - Pitching for Kennewick Bear Cubs : LHP Kevin Brown
|
|
Batting: RHB Desmond Brooks
|
0-0: Called Strike 0-1: Ball 1-1: Ball 2-1: Ball 3-1: Base on Balls
|
|
Batting: LHB Daraka Shaheed
|
0-0: Called Strike 0-1: Called Strike 0-2: Strikes out looking
|
|
Batting: RHB Dennis Glynn
|
0-0: Fly out, F9 (Flyball, 89S, EV 90.0 MPH)
|
|
Batting: RHB Jeff DeWillis
|
0-0: Foul Ball, location: 2F 0-1: Ball 1-1: Ball 2-1: Foul Ball, location: 2F 2-2: SINGLE (Groundball, 56D, EV 79.4 MPH) (infield hit) Desmond Brooks to second
|
|
Batting: RHB Paul Daddario
|
0-0: Ball 1-0: Fielders Choice at 2nd, 6-4 (Groundball, 6, EV 83.8 MPH)
|
| Top of the 4th over - 0 runs, 1 hit, 0 errors, 2 left on base; Tri-City 3 - Kennewick 2 |
| BOTTOM OF THE 4TH |
|
Kennewick Bear Cubs batting - Pitching for Tri-City Dust Devils : LHP John Smiley
|
|
Batting: LHB Steven Morris
|
0-0: Ball 1-0: Swinging Strike 1-1: Ball 2-1: Foul Ball, location: 2F 2-2: Foul Ball, location: 2F 2-2: Foul Ball, location: 2F 2-2: Strikes out looking
|
|
Batting: RHB Roger Jensen
|
0-0: SINGLE (Groundball, 6S, EV 68.1 MPH) (infield hit)
|
|
Batting: RHB Kenneth Whitfield
|
0-0: Ball 1-0: Called Strike 1-1: Ball 2-1: Ball 3-1: SINGLE (Line Drive, 89M, EV 96.9 MPH) Roger Jensen to second
|
|
Batting: LHB John Mizerock
|
0-0: Ball Roger Jensen steals 3rd base Kenneth Whitfield to second 1-0: Called Strike 1-1: Foul Ball, location: 2F 1-2: Ground out 6-3 (Groundball, 6, EV 86.9 MPH)
|
|
Batting: RHB Matthew Sferrazza
|
0-0: Ball 1-0: Ball 2-0: Ball 3-0: Called Strike 3-1: Base on Balls
|
|
Batting: SHB Eriberto Them
|
0-0: Ball 1-0: Ball 2-0: Foul Ball, location: 2F 2-1: Ball 3-1: Fly out, F9 (Flyball, 9LM, EV 100.6 MPH)
|
| Bottom of the 4th over - 0 runs, 2 hits, 0 errors, 3 left on base; Tri-City 3 - Kennewick 2 |
| TOP OF THE 5TH |
|
Tri-City Dust Devils batting - Pitching for Kennewick Bear Cubs : LHP Kevin Brown
|
|
Batting: RHB Billy Welch
|
0-0: Called Strike 0-1: SINGLE (Line Drive, 89S, EV 91.3 MPH)
|
|
Batting: RHB J.B. Moore
|
0-0: Fly out, F7 (Flyball, 7D, EV 101.9 MPH)
|
|
Batting: RHB George Threadgill
|
0-0: Ball 1-0: Swinging Strike 1-1: Ball 2-1: Ball 3-1: Foul Ball, location: 2F 3-2: Base on Balls Billy Welch to second
|
|
Batting: LHB LaVel Freeman
|
0-0: Ball 1-0: Ball 2-0: Ball 3-0: Base on Balls Billy Welch to third George Threadgill to second
|
|
Batting: RHB Desmond Brooks
|
0-0: Ball 1-0: Called Strike 1-1: Ball 2-1: Ball 3-1: Base on Balls Billy Welch scores George Threadgill to third LaVel Freeman to second
|
|
Batting: LHB Daraka Shaheed
|
0-0: Ball 1-0: Foul Ball, location: 2F 1-1: Called Strike 1-2: Ball 2-2: Ball 3-2: Base on Balls George Threadgill scores LaVel Freeman to third Desmond Brooks to second
|
|
Pitching: RHP Bryan Funk
|
|
|
Batting: RHB Dennis Glynn
|
0-0: Ball 1-0: Ball 2-0: Foul Ball, location: 2F 2-1: Foul Ball, location: 2F 2-2: Reached on error, E8 (Flyball, 8RD, EV 105.0 MPH) LaVel Freeman scores Desmond Brooks scores Daraka Shaheed to third
|
|
Batting: RHB Jeff DeWillis
|
0-0: Fly out, F8 (Flyball, 89M, EV 86.9 MPH) Runner from 3rd tags up, SCORES, throw by CF
|
|
Batting: RHB Paul Daddario
|
0-0: Swinging Strike 0-1: Ball 1-1: Called Strike 1-2: Foul Ball, location: 2F 1-2: Ball 2-2: Foul Ball, location: 2F 2-2: Ball 3-2: Fly out, F7 (Flyball, 7S, EV 90.0 MPH)
|
| Top of the 5th over - 5 runs, 1 hit, 1 error, 1 left on base; Tri-City 8 - Kennewick 2 |
| BOTTOM OF THE 5TH |
|
Kennewick Bear Cubs batting - Pitching for Tri-City Dust Devils : LHP John Smiley
|
|
Batting: RHB Jonathan Black
|
0-0: Fly out, F8 (Flyball, 8RM, EV 88.1 MPH)
|
|
Batting: LHB Jose Birriel
|
0-0: Ball 1-0: Fly out, F4 (Flyball, 3D, EV 92.5 MPH)
|
|
Batting: RHB Ruben Machado
|
0-0: Foul Ball, location: 2F 0-1: Ground out U3 (Groundball, 3, EV 99.4 MPH)
|
| Bottom of the 5th over - 0 runs, 0 hits, 0 errors, 0 left on base; Tri-City 8 - Kennewick 2 |
| TOP OF THE 6TH |
|
Tri-City Dust Devils batting - Pitching for Kennewick Bear Cubs : RHP Bryan Funk
|
|
Batting: RHB Billy Welch
|
0-0: Called Strike 0-1: Called Strike 0-2: Ball 1-2: Foul Ball, location: 2F 1-2: Ball 2-2: Ball 3-2: Fly out, F8 (Flyball, 8RM, EV 85.6 MPH)
|
|
Batting: RHB J.B. Moore
|
0-0: Ground out 4-3 (Groundball, 4, EV 83.8 MPH)
|
|
Batting: RHB George Threadgill
|
0-0: Foul Ball, location: 2F 0-1: Fly out, F8 (Flyball, 8LD, EV 87.5 MPH)
|
| Top of the 6th over - 0 runs, 0 hits, 0 errors, 0 left on base; Tri-City 8 - Kennewick 2 |
| BOTTOM OF THE 6TH |
|
Kennewick Bear Cubs batting - Pitching for Tri-City Dust Devils : LHP John Smiley
|
|
Batting: LHB Steven Morris
|
0-0: Called Strike 0-1: Swinging Strike 0-2: Strikes out swinging
|
|
Batting: RHB Roger Jensen
|
0-0: Foul Ball, location: 2F 0-1: Called Strike 0-2: Foul Ball, location: 2F 0-2: Foul Ball, location: 2F 0-2: Strikes out swinging
|
|
Batting: RHB Kenneth Whitfield
|
0-0: SOLO HOME RUN (Flyball, 7LD, EV 107.5 MPH), Distance : 347 ft
|
|
Batting: LHB John Mizerock
|
0-0: Fly out, F9 (Flyball, 89D, EV 91.3 MPH)
|
| Bottom of the 6th over - 1 run, 1 hit, 0 errors, 0 left on base; Tri-City 8 - Kennewick 3 |
| TOP OF THE 7TH |
|
Tri-City Dust Devils batting - Pitching for Kennewick Bear Cubs : RHP Bryan Funk
|
|
Batting: LHB LaVel Freeman
|
0-0: Called Strike 0-1: Ball 1-1: DOUBLE (Flyball, 8RD, EV 93.8 MPH)
|
|
Batting: RHB Desmond Brooks
|
0-0: Ball 1-0: Foul Ball, location: 2F 1-1: Ground out 4-3 (Groundball, 4, EV 86.3 MPH) LaVel Freeman to third
|
|
Batting: LHB Daraka Shaheed
|
0-0: Called Strike 0-1: Ball 1-1: Called Strike 1-2: SINGLE (Groundball, P, EV 86.9 MPH) (infield hit) LaVel Freeman scores
|
|
Batting: RHB Dennis Glynn
|
0-0: Ball 1-0: Swinging Strike 1-1: Swinging Strike 1-2: Ball 2-2: Ball 3-2: Fly out, F8 (Line Drive, 8RD, EV 97.5 MPH)
|
|
Batting: RHB Jeff DeWillis
|
0-0: Ball 1-0: Ball Wild Pitch! Daraka Shaheed to second 2-0: Swinging Strike 2-1: Ground out 3-1 (Groundball, 34, EV 93.8 MPH)
|
| Top of the 7th over - 1 run, 2 hits, 0 errors, 1 left on base; Tri-City 9 - Kennewick 3 |
| BOTTOM OF THE 7TH |
|
Kennewick Bear Cubs batting - Pitching for Tri-City Dust Devils : LHP John Smiley
|
|
Batting: RHB Matthew Sferrazza
|
0-0: Called Strike 0-1: Ball 1-1: Called Strike 1-2: Ball 2-2: Strikes out swinging
|
|
Batting: SHB Eriberto Them
|
0-0: Ground out 2-3 (Groundball, 2L, EV 75.6 MPH)
|
|
Batting: RHB Jonathan Black
|
0-0: Swinging Strike 0-1: Swinging Strike 0-2: Fly out, F3 (Line Drive, 3, EV 71.3 MPH)
|
| Bottom of the 7th over - 0 runs, 0 hits, 0 errors, 0 left on base; Tri-City 9 - Kennewick 3 |
| TOP OF THE 8TH |
|
Tri-City Dust Devils batting - Pitching for Kennewick Bear Cubs : RHP Bryan Funk
|
|
Batting: RHB Paul Daddario
|
0-0: SINGLE (Line Drive, 4D, EV 100.0 MPH)
|
|
Pitching: RHP Calvin Schiraldi
|
|
|
Batting: RHB Billy Welch
|
0-0: Ball 1-0: Ball 2-0: Ball 3-0: Base on Balls Paul Daddario to second
|
|
Batting: RHB J.B. Moore
|
0-0: Grounds into double play, 4-6-3 (Groundball, 4S, EV 89.4 MPH) Paul Daddario to third
|
|
Batting: RHB George Threadgill
|
0-0: SINGLE (Line Drive, 7S, EV 106.3 MPH) Paul Daddario scores
|
|
Batting: LHB LaVel Freeman
|
0-0: SINGLE (Groundball, 23, EV 68.1 MPH) (infield hit) George Threadgill to second
|
|
Batting: RHB Desmond Brooks
|
0-0: Ball 1-0: Ball 2-0: Ball 3-0: Base on Balls George Threadgill to third LaVel Freeman to second
|
|
Batting: LHB Daraka Shaheed
|
0-0: Ball 1-0: Called Strike 1-1: DOUBLE (Line Drive, 78D, EV 105.6 MPH) George Threadgill scores LaVel Freeman scores Desmond Brooks to third Runner from 3rd tries for Home, SAFE, throw by LF to home
|
|
Pinch Hitting: RHB Bill Lucas
|
0-0: Called Strike 0-1: SINGLE (Groundball, 6MD, EV 93.8 MPH) Daraka Shaheed to third Runner from 3rd tries for Home, SAFE, throw by CF to home Bill Lucas to second
|
|
Pitching: RHP Glenn Simmons
|
|
|
Batting: RHB Jeff DeWillis
|
0-0: Foul Ball, location: 2F 0-1: Ball 1-1: Ground out U3 (Groundball, 34S, EV 85.6 MPH)
|
| Top of the 8th over - 5 runs, 5 hits, 0 errors, 1 left on base; Tri-City 14 - Kennewick 3 |
| BOTTOM OF THE 8TH |
|
Kennewick Bear Cubs batting - Pitching for Tri-City Dust Devils : LHP John Smiley
|
|
Now at 3B: Bill Lucas
|
|
|
Pinch Hitting: RHB William Nunez
|
0-0: Called Strike 0-1: Reached on error, E5 (Groundball, 56S, EV 80.0 MPH)
|
|
Pinch Hitting: LHB Tony Diaz
|
0-0: Ball 1-0: Foul Ball, location: 2F 1-1: Ball 2-1: Foul Ball, location: 2F 2-2: Ball 3-2: Foul Ball, location: 2F 3-2: Base on Balls William Nunez to second
|
|
Batting: LHB Steven Morris
|
0-0: Foul Ball, location: 2F 0-1: Ball 1-1: Foul Ball, location: 2F 1-2: Strikes out swinging
|
|
Pinch Hitting: LHB Wally Yo
|
0-0: Called Strike 0-1: SINGLE (Flyball, 34D, EV 92.5 MPH) William Nunez to third Tony Diaz to second
|
|
Batting: RHB Kenneth Whitfield
|
0-0: SINGLE (Groundball, 4MD, EV 110.6 MPH) William Nunez scores Tony Diaz to third Wally Yo to second Runner from 3rd tries for Home, SAFE, throw by CF to home
|
|
Pitching: LHP George Tucker
|
|
|
Batting: LHB John Mizerock
|
0-0: Swinging Strike 0-1: Foul Ball, location: 2F 0-2: Foul Ball, location: 2F 0-2: Foul Ball, location: 2F 0-2: Ball 1-2: Ball 2-2: Reached on error, E4 (Groundball, 4, EV 81.3 MPH) Wally Yo to third Kenneth Whitfield to second
|
|
Pinch Hitting: RHB Jesus Lora
|
0-0: Ball 1-0: DOUBLE (Groundball, 3L, EV 101.3 MPH) Wally Yo scores Kenneth Whitfield scores John Mizerock to third Runner from 3rd tries for Home, SAFE, throw by RF to trailing runner, SAFE at third!
|
|
Batting: SHB Eriberto Them
|
0-0: Ground out 6-3 (Groundball, 6, EV 101.3 MPH) Jesus Lora scores
|
|
Batting: RHB Jonathan Black
|
0-0: SINGLE (Flyball, 8RS, EV 91.3 MPH)
|
|
Batting: RHB William Nunez
|
0-0: Ball 1-0: Fly out, F7 (Flyball, 78D, EV 99.4 MPH)
|
| Bottom of the 8th over - 6 runs, 4 hits, 2 errors, 1 left on base; Tri-City 14 - Kennewick 9 |
| TOP OF THE 9TH |
|
Tri-City Dust Devils batting - Pitching for Kennewick Bear Cubs : RHP Glenn Simmons
|
|
Now at 1B: Tony Diaz
|
|
|
Now at 2B: Russell Morena
|
|
|
Now at SS: William Nunez
|
|
|
Now in LF: Wally Yo
|
|
|
Batting: RHB Paul Daddario
|
0-0: Ground out 5-3 (Groundball, 5L, EV 78.8 MPH)
|
|
Batting: RHB Billy Welch
|
0-0: Called Strike 0-1: Ball 1-1: Ball 2-1: Swinging Strike 2-2: Ground out 6-3 (Groundball, 6M, EV 106.9 MPH)
|
|
Batting: RHB J.B. Moore
|
0-0: Fly out, F7 (Flyball, 7LS, EV 90.0 MPH)
|
| Top of the 9th over - 0 runs, 0 hits, 0 errors, 0 left on base; Tri-City 14 - Kennewick 9 |
| BOTTOM OF THE 9TH |
|
Kennewick Bear Cubs batting - Pitching for Tri-City Dust Devils : LHP George Tucker
|
|
Batting: LHB Tony Diaz
|
0-0: Ball 1-0: Called Strike 1-1: Ball 2-1: Ball 3-1: Swinging Strike 3-2: Strikes out swinging
|
|
Batting: LHB Steven Morris
|
0-0: Called Strike 0-1: Ball 1-1: Foul Ball, location: 2F 1-2: Strikes out swinging
|
|
Batting: LHB Wally Yo
|
0-0: Swinging Strike 0-1: Ball 1-1: Ball 2-1: SINGLE (Line Drive, 8RM, EV 90.0 MPH)
|
|
Pitching: LHP Ricky Mendoza
|
|
|
Batting: RHB Kenneth Whitfield
|
0-0: Called Strike 0-1: Fly out, F9 (Flyball, 89S, EV 86.3 MPH)
|
| Bottom of the 9th over - 0 runs, 1 hit, 0 errors, 1 left on base; Tri-City 14 - Kennewick 9 |
|